 Dungeon Crawl Stone Soup version 0.30-a0-571-gdf30a72648 (webtiles) character file.

Game seed: 5584779237180622160

1646 bande the Chopper (level 8, -1/49 HPs)
             Began as a Gargoyle Fighter on Dec 30, 2022.
             Slain by a gnoll sergeant
             ... wielding a +2 spear of flaming
              (2 damage)
             ... on level 7 of the Dungeon.
             The game lasted 00:09:56 (5756 turns).

bande the Chopper (Gargoyle Fighter)                Turns: 5756, Time: 00:09:57

Health: -1/49      AC: 20    Str: 20    XL:     8   Next: 99%
Magic:  8/8        EV:  5    Int:  9    God:
Gold:   371        SH:  5    Dex: 11    Spells: 7/7 levels left

rFire   . . .      SeeInvis .    t - +3 war axe (flame)
rCold   + . .      Faith    .    c - +0 buckler
rNeg    + + .      Spirit   .    y - +0 plate armour
rPois   ∞          Reflect  .    (no helmet)
rElec   +          Harm     .    (no cloak)
rCorr   .          Rampage  .    m - +1 pair of gloves
Will    .....                    (no boots) Stlth
                                 s - amulet of the acrobat
HPRegen 0.28/turn                q - ring of positive energy
MPRegen 0.11/turn                r - ring of protection from cold

@: mighty
A: sickness immunity, AC +5, negative energy resistance 1, electricity
resistance, torment resistance 1, petrification resistance, claws 1, MP-powered
wands
a: no special abilities


You were on level 7 of the Dungeon.
You visited 1 branch of the dungeon, and saw 7 of its levels.

You collected 371 gold pieces.

Inventory:

Hand Weapons
 a - a +0 war axe
 t - a +3 war axe of flaming (weapon)
Armour
 c - a +0 buckler (worn)
 m - a +1 pair of gloves (worn)
 y - a +0 plate armour (worn)
Jewellery
 q - a ring of positive energy (left hand)
 r - a ring of protection from cold (right hand)
 s - an amulet of the acrobat (around neck)
Wands
 n - a wand of flame (20)
Scrolls
 b - a scroll of amnesia
 e - 2 scrolls of teleportation
 h - 3 scrolls of identify
Potions
 d - 2 potions of might
 f - a potion of magic
 i - 2 potions of brilliance
 k - a potion of berserk rage
 x - 2 potions of resistance


   Skills:
 + Level 5.2 Fighting
 + Level 6.9 Axes
 + Level 6.2 Armour
 + Level 4.4 Shields
 * Level 4.1 Evocations


You had 7 spell levels left.
You didn't know any spells.
Your spell library contained the following spells:

 Spells                   Type           Power      Damage    Failure   Level
 Kiss of Death            Conj/Necr      0%         2d5       100%        1
 Poisonous Vapours        Pois/Air       0%         N/A       100%        2
 Confusing Touch          Hex            0%         N/A       100%        3
 Ignite Poison            Fire/Tmut/Pois 0%         N/A       100%        3
 Kindle Blastsparks       Fire/Tloc/Air  0%         2d10      100%        3
 Mephitic Cloud           Conj/Pois/Air  0%         N/A       100%        3
 Dispel Undead            Necr           0%         3d6       100%        4
 Freezing Cloud           Conj/Ice/Air   0%         6-21      100%        5
 Cigotuvi's Dreadful Rot  Necr/Pois/Air  Unusable   N/A       N/A         2

Dungeon Overview and Level Annotations

Branches:
Dungeon (7/15)             Temple (0/1) D:7

Altars:
Ashenzari
Hepliaklqana
Kikubaaqudgha
Makhleb
Vehumet
Xom

Shops:
D:4 *   D:5 *


Innate Abilities, Weirdness & Mutations

You are immune to sickness and miasma.
Your stone body is resilient. (AC +5)
You are immune to poison.
You resist negative energy. (rN+)
You are resistant to electric shocks. (rElec)
You are resistant to unholy torment.
You are immune to petrification.
You have sharp fingernails.
You expend magic power (3 MP) to strengthen your wands.


Message History

The gnoll barely misses you.
The gnoll sergeant hits you but does no damage.
Something hits you but does no damage. The gnoll hits you but does no damage.
Something hits you but does no damage.
You feel very mighty all of a sudden. The gnoll hits you but does no damage.
The gnoll sergeant hits you but does no damage.
You block something's attack. Something hits you. You block the gnoll's attack.
The orc warrior hits you with a +0 hand axe!
Unknown command.
You slash the orc warrior! You burn the orc warrior.
The orc warrior is heavily wounded.
You slash something! You burn something.
Reactivating autopickup.
You feel a bit more experienced.
You miss something.
The gnoll hits you but does no damage. x2
The gnoll sergeant hits you from afar with a +2 spear of flaming!
* * * LOW HITPOINT WARNING * * *
The gnoll sergeant burns you.
* * * LOW HITPOINT WARNING * * *
Something hits you but does no damage.
Deactivating autopickup; reactivate with Ctrl-A.
The orc warrior hits you but does no damage.
The orc warrior hits you with a +0 hand axe.
* * * LOW HITPOINT WARNING * * *
You block something's attack.
The gnoll hits you but does no damage. x2
The gnoll sergeant hits you from afar with a +2 spear of flaming.
* * * LOW HITPOINT WARNING * * *
The gnoll sergeant burns you.
* * * LOW HITPOINT WARNING * * *
You completely miss the orc warrior.
The orc warrior is heavily wounded.
You slash something! You burn something.
Reactivating autopickup.
You feel a bit more experienced. The gnoll hits you but does no damage.
The gnoll barely misses you.
The gnoll sergeant hits you from afar with a +2 spear of flaming.
* * * LOW HITPOINT WARNING * * *
The gnoll sergeant burns you.
You die... #......#**,,,*,,,,,,,, *......∩,,,∩,*,,,,,*,* *,.....#**,,,*,,,,,*,, ***#...# *,,,*,,,,,*** #...# **8******<,,, #gog#

*** ****, ###ggg# *,
#..)o)# ** #..)@.#
******* #.....#***
****,,,,,,
#....##*,***,,,,,****
#<...#*,,,**,,,,,**,,
#....#*,,,**,,,,,**,*
***#....#*,,,**,,,,,**,*
*,,+....#**+******,***,*
*,*#....#**,******,*,,,,
*,*##.....,,,,,,**,*,,,,


You could see an orc warrior, a gnoll sergeant (reflecting), 4 gnolls and an
orc.

Vanquished Creatures
  Sigmund (D:6)
  2 water moccasins
  An orc warrior (D:6)
  A black bear (D:5)
  An ogre (D:5)
  A phantom (D:5)
  Blork the orc (D:5)
  2 scorpions (D:6)
  A necrophage (D:6)
  6 hounds
  A jelly (D:4)
  3 orc priests
  4 iguanas
  5 orc wizards
  4 adders (D:3)
  A gnoll (D:7)
  2 shadow imps
  2 ufetubi (D:4)
  A worm (D:4)
  4 dart slugs
  22 orcs
  7 endoplasms
  6 giant cockroaches
  7 goblins
  10 hobgoblins
  2 jackals (D:3)
  6 kobolds
  2 quokkas
  11 ball pythons
  3 bats
  A frilled lizard (D:2)
  5 rats
126 creatures vanquished.

Vanquished Creatures (others)
  6 fungi (D:4)
6 creatures vanquished.

Grand Total: 132 creatures vanquished

Notes
Turn   | Place    | Note
-------+----------+-------------------------------------------
     0 | D:1      | bande the Gargoyle Fighter began the quest for the Orb.
     0 | D:1      | Reached XP level 1. HP: 14/14 MP: 1/1
   296 | D:1      | Reached XP level 2. HP: 13/19 MP: 2/2
   664 | D:2      | Reached XP level 3. HP: 16/23 MP: 3/3
  1195 | D:2      | Identified the +3 sling of Ucvue {flame, Dex+6}
  1508 | D:3      | Reached XP level 4. HP: 7/28 MP: 4/4
  1820 | D:3      | Found a radiant altar of Vehumet.
  1823 | D:3      | Found a broken altar of Ashenzari.
  1823 | D:3      | Found a radiant altar of Vehumet.
  1825 | D:3      | Found a broken altar of Ashenzari.
  1825 | D:3      | Found a shimmering altar of Xom.
  1825 | D:3      | Found a burning altar of Makhleb.
  2047 | D:3      | Found a hazy altar of Hepliaklqana.
  2394 | D:3      | Reached skill level 1 in Evocations
  2394 | D:3      | Reached XP level 5. HP: 32/32 MP: 5/5
  2575 | D:4      | Found Pawoa's General Store.
  2968 | D:4      | You fall into a shaft and drop 2 floors!
  2982 | D:6      | Reached XP level 6. HP: 30/38 MP: 6/6
  3176 | D:6      | Noticed a water moccasin
  3178 | D:6      | Noticed Sigmund
  3195 | D:6      | Killed a water moccasin
  3196 | D:6      | Reached XP level 7. HP: 24/43 MP: 7/7
  3211 | D:6      | Killed Sigmund
  3212 | D:6      | Reached skill level 5 in Axes
  3212 | D:6      | Reached skill level 5 in Armour
  3521 | D:5      | Entered Level 5 of the Dungeon
  3549 | D:5      | Found Taidyir's Fire Supplies.
  3576 | D:5      | Found Eqannegen's Lightly-Used Armoury.
  3740 | D:4      | Found an ancient bone altar of Kikubaaqudgha.
  4355 | D:5      | Noticed Blork the orc
  4361 | D:5      | Reached XP level 8. HP: 46/48 MP: 8/8
  4363 | D:5      | Killed Blork the orc
  4682 | D:5      | Gained mutation: You are clumsy. (Dex -2) [potion of
                  | mutation]
  4682 | D:5      | Gained mutation: You are strong-willed. (Will+) [potion of
                  | mutation]
  4682 | D:5      | Gained mutation: You are very clumsy. (Dex -4) [potion of
                  | mutation]
  4683 | D:5      | Lost mutation: You are strong-willed. (Will+) [potion of
                  | mutation]
  4683 | D:5      | Lost mutation: You are very clumsy. (Dex -4) [potion of
                  | mutation]
  4683 | D:5      | Lost mutation: You are clumsy. (Dex -2) [potion of
                  | mutation]
  4683 | D:5      | Gained mutation: You have sharp fingernails. [potion of
                  | mutation]
  4683 | D:5      | Gained mutation: You expend magic power (3 MP) to
                  | strengthen your wands. [potion of mutation]
  5394 | D:6      | Reached skill level 5 in Fighting
  5756 | D:7      | HP: 1/49 [gnoll sergeant/+2 spear of flaming (3)]
  5756 | D:7      | Slain by a gnoll sergeant

Illustrated notes

Levels and vault maps discovered:
D:1:      dpeg_arrival_chambers_temple_mockup, layout_basic
D:2:      layout_basic, minmay_octomino_e4
D:3:      layout_loops_ring, doesnt_xom_only_xom, lemuel_coloured_pillars_altar,
          st_stairs_1, minmay_box_of_dots
D:4:      layout_basic, mainiacjoe_overflow_cross_hatched, serial_shops, shop,
          hangedman_decor_push, minmay_fractal_squares_diagonal_5
D:5:      layout_loops_corners, nicolae_shop_fire_sale [nicolae_sub_dead_trees],
          minmay_shop_damaged, uniq_blork_the_orc
D:6:      layout_rooms, corexii_shack, uniq_sigmund
D:7:      layout_basic, nicolae_yredelemnul_corpse_copse,
          minmay_temple_entry_wispy, chequers_ossuary_entry_cave,
          enter_bailey_3, dk_rats_in_the_wall

Skill      XL: |  1  2  3  4  5  6  7  8 |
---------------+-------------------------+-----
Axes           | 2 3 4 5 6 |  6.9
Armour         | 4 5 6 |  6.2
Evocations     | 1 2 3 4 |  4.1
Shields        | 4 |  4.4
Fighting       | 4 5 |  5.2

Action                   |  1- 3 |  4- 6 |  7- 9 || total
-------------------------+-------+-------+-------++-------
Melee: War axe           |   133 |   121 |   116 ||   370
  Use: Scroll            |       |       |    15 ||    15
       Potion            |       |       |     5 ||     5
Armor: Scale mail        |    54 |       |       ||    54
       Chain mail        |    30 |    37 |       ||    67
       Plate armour      |       |    57 |   125 ||   182
Dodge: Dodged            |    59 |    52 |    49 ||   160
Block: Buckler           |    28 |    21 |    29 ||    78

Table legend: (Time is in decaauts)
 A = Elapsed time spent in this place.
 B = Non-inter-level travel time spent in this place.
 C = Inter-level travel time spent in this place.
 D = Time resting spent in this place.
 E = Time spent auto-exploring this place.
 F = Levels seen in this place.
 G = Mean time per level.
                   A        B        C        D        E       F      G
               +--------+--------+--------+--------+--------+-----+--------+
         Total |   5882 |   5616 |    266 |   1158 |   3329 |   7 |  840.3 |
       Dungeon |   5882 |   5616 |    266 |   1158 |   3329 |   7 |  840.3 |
               +--------+--------+--------+--------+--------+-----+--------+

Top non-repeatable levels by time:
     D:5: 1472 daAuts
     D:3: 1283 daAuts
     D:6: 943 daAuts
     D:2: 749 daAuts
     D:4: 737 daAuts
     D:1: 650 daAuts
     D:7: 44 daAuts
